Cogmind - Beta 10.1 @@@ ROGUE MODE // 2020.10.09 @ 23:01:39 Player: King Curtis Result: Destroyed by as-76840 with Assembled Rifle Performance ------------- Evolutions (0) 0 Regions Visited (2) 400 Robots Destroyed (16) 80 Value Destroyed (149) 149 Prototype IDs (0) 0 Alien Tech Used (0) 0 Bonus (0) 0 TOTAL SCORE: 629 Bonus ------- None Cogmind --------- Core Integrity 0/250 Matter 227/300 Energy 22/100 System Corruption 16% Temperature Cool (0) Movement Core (550) Ox10 Location -10/Mines Parts ------- > --- POWER (1) -------- (None) > --- PROPULSION (2) --- (None) > --- UTILITY (2) ------ High-capacity Storage Unit Weapon Shielding > --- WEAPON (2) ------- (None) > --- INVENTORY (12) --- Wheel Wheel Signal Interpreter Targeting Computer Medium Armor Plating Medium Armor Plating Beam Cannon Peak State ------------ > --- POWER ------------ Ion Engine > --- PROPULSION ------- Wheel Compact Wheel > --- UTILITY ---------- Heat Sink High-capacity Storage Unit > --- WEAPON ----------- Autogun Autogun > --- INVENTORY -------- Ion Engine Aluminum Leg Aluminum Leg Signal Interpreter Weapon Shielding Medium Armor Plating Medium Armor Plating EM Pulse Gun Beam Cannon Beam Cannon [Rating: 10] Favorites ----------- Power Ion Engine Engine Ion Engine Propulsion Wheel Leg Aluminum Leg Wheel Wheel Utility High-capacity Storage Unit Device Heat Sink Storage High-capacity Storage Unit Protection Weapon Shielding Weapon Autogun Energy Gun EM Pulse Gun Energy Cannon Beam Cannon Ballistic Gun Autogun Special Weapon Mining Laser Build | -11 -10 -10 ------- Run | Scr Mat Min Slots Evolved . | . . . Power . | . . . Propulsion . | . . . Utility . | . . . Weapon . | . . . Parts Attached 20 | 6 5 9 Power 2 | 1 . 1 Engine 2 | 1 . 1 Core . | . . . Reactor . | . . . Propulsion 5 | 2 . 3 Treads . | . . . Leg 2 | . . 2 Wheel 3 | 2 . 1 Hover . | . . . Flight . | . . . Utility 5 | 1 3 1 Device 1 | . 1 . Storage 3 | 1 2 . Processor . | . . . Hackware . | . . . Protection 1 | . . 1 Artifact . | . . . Weapon 8 | 2 2 4 Energy Gun 3 | 2 . 1 Energy Cannon 2 | . . 2 Ballistic Gun 2 | . 2 . Ballistic Cannon . | . . . Launcher . | . . . Special Weapon 1 | . . 1 Impact Weapon . | . . . Slashing Weapon . | . . . Piercing Weapon . | . . . Special Melee Weapon . | . . . Unidentified Prototypes . | . . . Parts Lost 10 | . . 10 Power 1 | . . 1 Propulsion 4 | . . 4 Utility 1 | . . 1 Weapon 4 | . . 4 Highest Loss Streak 7 | . . 7 Average Slot Usage (%) 86 | . 88 84 Engine 11 | . 14 9 Leg 5 | . . 10 Wheel 22 | . 28 15 Device 10 | . 10 11 Storage 14 | . 14 14 Energy Gun 10 | . 20 . Energy Cannon 1 | . . 2 Ballistic Gun 9 | . . 18 Naked Turns . | . . . Heaviest Build 44 | 13 44 44 Greatest Support 26 | 26 26 26 Greatest Overweight (x) 2 | . 1 2 Average Overweight (x) . | . . 1 Largest Inventory Capacity 14 | 6 14 12 Average Capacity 11 | 4 11 12 Most Carried 12 | 4 12 11 Average Carried 8 | 2 7 9 Final Capacity 12 | 6 12 12 Final Carried 10 | 4 10 7 Class Distribution -------------------- 100% | Mutant Dominant Class ---------------- Mutant | -10/Materials Mutant | -10/Mines Resources | -11 -10 -10 ----------- Run | Scr Mat Min Matter Collected 540 | 250 40 250 Remotely . | . . . Salvage Created 344 | . 114 230 Parts 22 | . 13 9 Haulers Intercepted . | . . . Recyclers Shooed . | . . . Parts Field Recycled . | . . . Retrieved Matter . | . . . Parts Self-Destructed . | . . . Prevented . | . . . Kills | -11 -10 -10 ------- Run | Scr Mat Min Combat Hostiles Destroyed 11 | . 1 10 Guns 10 | . 1 9 Cannons 1 | . . 1 Classes Destroyed 6 | . 2 4 Worker 1 | . . 1 Recycler 1 | . . 1 Watcher 3 | . 3 . Swarmer 5 | . . 5 Grunt 1 | . 1 . Assembled 5 | . . 5 Best Kill Streak 4 | . 2 4 Combat Bots Only 4 | . 1 4 Max Kills in Single Turn 2 | . 1 2 Gunslinging . | . . . Exploded . | . . . Melee . | . . . Uniques/NPCs Destroyed . | . . . Combat | -11 -10 -10 -------- Run | Scr Mat Min Damage Taken 1245 | . 73 1172 Core 261 | . . 261 Absorbed by Shields . | . . . Core Remaining (%) 100 | 100 . . Volleys Fired 52 | . 6 46 Largest 2 | . 2 2 Hottest 100 | . 90 100 Shots Fired 91 | . 12 79 Gun 80 | . 12 68 Cannon 9 | . . 9 Launcher . | . . . Special 2 | . . 2 Kinetic 64 | . . 64 Thermal 17 | . 6 11 Explosive . | . . . Electromagnetic 10 | . 6 4 Robot Hit Streak 9 | . 3 9 Robot Miss Streak 4 | . 1 4 Penetration Max . | . . . Secondary Targets . | . . . Shots Hit Robots 46 | . 6 40 Core Hits 23 | . 5 18 Critical Hits . | . . . Critical Kills . | . . . Critical Parts Destroyed . | . . . Melee Attacks . | . . . Impact . | . . . Slashing . | . . . Piercing . | . . . Sneak Attacks . | . . . Combat Hostiles . | . . . Follow-up Attacks . | . . . Damage Inflicted 769 | . 141 628 Guns 699 | . 141 558 Cannons 70 | . . 70 Explosions . | . . . Melee . | . . . Ramming . | . . . Kinetic 524 | . . 524 Thermal 106 | . 36 70 Explosive . | . . . Electromagnetic 139 | . 105 34 Impact . | . . . Slashing . | . . . Piercing . | . . . Highest Corruption 16 | . . 16 Average Corruption 14 | . . 14 Corruption Purged . | . . . Effects 11 | . . 11 Message Errors 1 | . . 1 Matter Fused 1 | . . 1 Heat Flow Errors 1 | . . 1 Energy Discharges 1 | . . 1 Parts Rejected 2 | . . 2 Misdirections 2 | . . 2 Targeting Errors 2 | . . 2 Weapon Failures 1 | . . 1 Overload Shots . | . . . Overflow Damage . | . . . Projectiles . | . . . Explosions . | . . . Melee . | . . . Knockbacks . | . . . Impact . | . . . Kinetic . | . . . Secondary . | . . . Self-Inflicted Damage . | . . . Shots . | . . . Rammed . | . . . Targets Rammed . | . . . Kicked . | . . . Crushed . | . . . Highest Temperature 255 | . 72 255 Average Temperature 52 | . 33 58 Received Heat Transfer 200 | . 18 182 Effects 1 | . . 1 Energy Bleed 1 | . . 1 Siege Activations . | . . . Robots Corrupted . | . . . Combat Hostiles . | . . . Parts Fried . | . . . Impact Corruptions . | . . . Robots Melted . | . . . Combat Hostiles . | . . . Parts Melted . | . . . Heat Transferred 259 | . 111 148 Parts Sabotaged . | . . . Parts Stolen . | . . . Parts Stripped . | . . . Power Chain Reactions . | . . . Missiles Intercepted . | . . . Alert | -11 -10 -10 ------- Run | Scr Mat Min Peak Influence 194 | . 89 194 Initial 34 | . . 34 Average 89 | . 60 134 Maximum Alert Level . | . . . Low Security (%) 100 | 100 100 100 Level 1 . | . . . Level 2 . | . . . Level 3 . | . . . Level 4 . | . . . Level 5 . | . . . High Security . | . . . Max Security . | . . . Squads Dispatched 1 | . 1 . Investigation . | . . . Extermination . | . . . Reinforcement 1 | . 1 . Assault . | . . . Garrison . | . . . Intercept . | . . . Construction Impeded . | . . . Haulers Reinforced . | . . . Stealth | -11 -10 -10 --------- Run | Scr Mat Min Distress Signals 1 | . . 1 Communications Jammed . | . . . Distress Signals . | . . . Times Spotted 34 | . 6 28 Peak Tracking Total 8 | . 1 8 Tactical Retreats 7 | . . 7 Traps | -11 -10 -10 ------- Run | Scr Mat Min Traps Triggered 1 | . 1 . Indirectly . | . . . Trap Hack Attempts . | . . . Triggered . | . . . Disarmed . | . . . Reprogrammed . | . . . Reused . | . . . Traps Extracted . | . . . Installed . | . . . Triggered . | . . . Machines | -11 -10 -10 ---------- Run | Scr Mat Min Machines Disabled 1 | . . 1 Max in Single Turn 1 | . . 1 Machines Sabotaged . | . . . Garrisons Compromised . | . . . Overloaded Fab Kills . | . . . Fab Network Shutdowns . | . . . Hacking | -11 -10 -10 --------- Run | Scr Mat Min Machines Accessed 1 | . 1 . Terminals 1 | . 1 . Fabricators . | . . . Repair Stations . | . . . Recycling Units . | . . . Scanalyzers . | . . . Garrison Access . | . . . Total Hacks 1 | . 1 . Successful 1 | . 1 . Failed . | . . . Catastrophic . | . . . Database Lockouts . | . . . Manual 1 | . 1 . Terminals 1 | . 1 . Fabricators . | . . . Repair Stations . | . . . Recycling Units . | . . . Scanalyzers . | . . . Garrison Access . | . . . Terminal Hacks 1 | . 1 . Branch Access Points 1 | . 1 . Fabricator Hacks . | . . . Repair Station Hacks . | . . . Recycling Unit Hacks . | . . . Scanalyzer . | . . . Garrison Access Hacks . | . . . Unauthorized Hacks . | . . . Terminals . | . . . Fabricators . | . . . Repair Stations . | . . . Recycling Units . | . . . Scanalyzers . | . . . Garrison Access . | . . . Data Cores Recovered . | . . . Used . | . . . Hacking Detections . | . . . Full Trace Events . | . . . Feedback Events . | . . . Feedback Blocked . | . . . Robot Schematics Acquired . | . . . Robots Built . | . . . Matter . | . . . Time . | . . . Total Robot Build Rating . | . . . Part Schematics Acquired . | . . . Parts Built . | . . . Matter . | . . . Time . | . . . Total Part Build Rating . | . . . Parts Repaired . | . . . Time . | . . . Parts Recycled . | . . . Recycled Matter . | . . . Retrieved Matter . | . . . Retrieved Components . | . . . Parts Scanalyzed . | . . . Part Schematics Acquired . | . . . Parts Damaged . | . . . Bothacking | -11 -10 -10 ------------ Run | Scr Mat Min Used RIF Installer . | . . . Robots Hacked . | . . . Non-combat . | . . . Combat . | . . . Robot Hacks Applied . | . . . Relay Couplers Released . | . . . Robots Rewired . | . . . Allies Hacked . | . . . Hacks Repelled . | . . . Allies | -11 -10 -10 -------- Run | Scr Mat Min Total Allies . | . . . Largest Group . | . . . Highest-Rated Group . | . . . Highest-Rated Ally . | . . . Total Orders . | . . . Ally Attacks . | . . . Total Damage . | . . . Kills . | . . . Allies Corrupted . | . . . Allies Melted . | . . . Intel | -11 -10 -10 ------- Run | Scr Mat Min Robot Analysis Total . | . . . Derelict Logs Recovered . | . . . Drone Launches . | . . . Drone Recoveries . | . . . Exploration | -11 -10 -10 ------------- Run | Scr Mat Min Turns Passed 751 | 54 358 339 Spaces Moved 455 | 41 265 149 Core 1 | 1 . . Treads . | . . . Legs 56 | . . 56 Wheels 398 | 40 265 93 Hover . | . . . Flight . | . . . Fastest Speed 50 | 50 90 100 Average Speed 104 | 89 98 118 Slowest Speed 180 | 100 100 180 Overloaded Moves . | . . . Propulsion Burnouts . | . . . Robots Hopped . | . . . Cave-ins Triggered . | . . . Exploration Rate (%) 28 | 4 41 39 Regions Visited 2 Branch Regions 1 Pre-discovered Areas . | . . . Known Exits Taken 1 | . 1 . Unknown Exits Taken 1 | 1 . . Scrap Searched 1 | . . 1 Spaces Dug . | . . . Terrain Destroyed 1 | . . 1 Melee . | . . . Projectile 1 | . . 1 AOE . | . . . Terrain Rammed . | . . . Walls Destroyed . | . . . Machines Disabled . | . . . Actions | -11 -10 -10 --------- Run | Scr Mat Min Total 645 | 55 351 239 Wait 96 | 5 62 29 Move 453 | 40 264 149 Hop . | . . . Pick Up 19 | 4 10 5 Fast Attach 7 | 6 1 . Attach 11 | . 4 7 Detach . | . . . Swap 2 | . . 2 Drop 5 | . 4 1 Fire 52 | . 6 46 Melee . | . . . Ram . | . . . Kick . | . . . Crush . | . . . Escape Stasis . | . . . Rewire . | . . . Trap . | . . . Miscellaneous . | . . . Route ------- -11/Scrapyard -10/Materials (discovered 3 exits: [*Mat] / *Min x2) -10/Mines History --------- Turn | Location | Event 15 | -11/Scrapyard | Discovered new exit (range 16) 55 | -11/Scrapyard | Entered Materials 61 | -10/Materials | Discovered new exit (range 14) 317 | -10/Materials | Build established: Mutant 334 | -10/Materials | Discovered new exit (range 4) 343 | -10/Materials | Identified exit to Mines 413 | -10/Materials | Entered Mines 562 | -10/Mines | Assembled infested the area 615 | -10/Mines | System corruption reached 10% 637 | -10/Mines | Core integrity fell below 50% 716 | -10/Mines | Lost 7 parts (1p2n1u3w) 746 | -10/Mines | Core integrity fell below 20% 752 | -10/Mines | Destroyed by as-76840 with Assembled Rifle Last Messages --------------- 00686_ G-34 Mercenary destroyed. 00690_ System corrupted: Beam Cannon failed to cycle. 00691_ Knocked back. 00691_ U-05 Engineer destroyed. 00698_ System corrupted: Beam Cannon rejected. 00699_ as-06139 destroyed. 00701_ Acquired 14 matter. 00704_ Acquired Wheel. 00707_ Acquired Beam Cannon. 00709_ Acquired 12 matter. 00712_ Acquired 18 matter. 00714_ Acquired 14 matter. 00717_ Acquired Mining Laser. 00718_ KA9K1R2F D7MEZJFM| F 00718_ Acquired 20 matter. 00736_ System corrupted: Beam Cannon targeting data glitched. 00740_ Aluminum Leg destroyed. 00744_ Beam Cannon destroyed. 00748_ System corrupted: Mining Laser targeting data glitched. 00752_ System corrupted: Mining Laser rejected. Map ----- +----------------------------------------------------+ | ????????????????????????????????#????????? | | ??????????????????????????????## #???????? | | ?????????????????????????????## ????#### | | ?????????????????????????????# ???## # | | ????????????????????????? ???# #?## | | ????????????????????????? ### ## | | ?????????????????????????? | | ??????????????????????????? | | ????????????????????????????# | | ????????????????????????????# # | | ????????????????????????????# # | | ????????????????????????????# # | | ?????????????????????????????# | | ??????????????????????????????# | | ??????????????????????????????## # | | ???????????????????????????????## ## | | ????????????????????????????????# ##? | | ????????????????????????????????## ##?? | | ?????????????????????????????????######### | | ?????????????????????####????????????## # | | ????????????????????## ##??????????## | | ????????????#???????# #?????????## | | ????????????# ??????# ######????# | | ???# ###### ###### #????# | | ??# a a ####/###### | | ?????????#### a@ ##??# %! |!% | | ????????????#####;# ##???# =%%! | | ????????????????#### ##????######### !*= | | ???????????????????####?????????????## | | ?????????????????????????????????????## | | ??????????????????????????????????????# | | ?????????????????????????????????????# | | ????????????????????????????????????# | | ????????????????????????????????????# | | ????????????????????????????????????## | | ?????????????????????????????????????# | | ?????????????????????????????????????# | | ?????????????????????????????????????# | | ?????????????????????????????????????# | | ?????????????????????????????????????# | | ????????????????????????????????????? | | ??????????????????????????????????????? | | ?????????????????????????????????????????? | | ?????????????????????????????????????????? | | ?????????????????????????????????????????? | | ?????????????????????????????????????????? | | ?????????????????????????????????????????? | | ?????????????????????????????????????????? | | ?????????????????????????????????????????? | | ?????????????????????????????????????????? | +----------------------------------------------------+ Best States ------------- Heat Dissipation 35 Energy Generation 10 Energy Capacity 250 Matter Stores 300 Matter Capacity 300 Sight Range 16 Terrain Scan Density 10 Weapon Shielding 33 Evasion (%) 42 Item Schematics ----------------- None Robot Schematics ------------------ None Fabricated ------------ Nothing Alien Tech Used ----------------- None Achievements -------------- None Challenges ------------ None Game ------ Seed WarpActuatorNanosword Manual? 0 Play Time 00:10:47 Cumulative 35.2 hours Start 2020.10.09 @ 22:47:44 End 2020.10.09 @ 23:01:39 Sessions 1 Manual Loads 0 Difficulty Rogue Special Mode None Game No. 11 Rogue 6 Adventurer 0 Explorer 5 Win Type - Total 1 Types 0/0/0/1/0/0/0/0/0 Lore% 33 Gallery% 37 Achievement% 33 Wizard Run 0 Options --------- ASCII 0 Keyboard 0 Movement Mouse Keybinds 0 Fullscreen 0 Font 24/Smallcaps Map View 76x50 Tactical HUD 1 Map Filters NONE Filters NONE Steam 1 RUN: 2e4d00ab-5f9b-4a9a-bf56-f91de7ea0b3e